 Dungeon Crawl Stone Soup version 0.30.0-3-ga4e48a9924 (webtiles) character file.

Game seed: 12977755462150195635

1810 dialectric the Covert (level 9, -1/61 HPs)
             Began as an Octopode Delver on May 7, 2023.
             Was a Believer of Dithmenos.
             Shot with an arrow by a centaur warrior (20 damage)
             ... on level 10 of the Dungeon.
             The game lasted 00:11:57 (6067 turns).

dialectric the Covert (Octopode Delver)             Turns: 6067, Time: 00:11:57

Health: -1/61      AC:  1    Str: 12    XL:     9   Next: 10%
Magic:  9/9        EV: 15    Int: 12    God:    Dithmenos [**....]
Gold:   442        SH:  0    Dex: 23    Spells: 2/8 levels left

rFire   . . .        p - +1 rapier
rCold   . . .        (no shield)
rNeg    . . .        (helmet restricted)
rPois   .            (no amulet)
rElec   .            y - +6 ring of dexterity
rCorr   .            (no ring)
SInv    .            (no ring)
Will    .....        (no ring)
Stlth   +++++++++    (no ring)
HPRegen 0.30/turn    (no ring)
MPRegen 0.11/turn    (no ring)
                     (no ring)

%: no passive effects
@: wreathed by umbra
A: almost no armour, amphibious, 8 rings, camouflage 1, gelatinous body 1,
(nimble swimmer 1), tentacles
a: Renounce Religion, Shadow Step


You were on level 10 of the Dungeon.
You worshipped Dithmenos.
Dithmenos was pleased with you.
You visited 1 branch of the dungeon, and saw 10 of its levels.
You also visited: Sewer.

You collected 442 gold pieces.

Inventory:

Hand Weapons
 a - a +0 short sword
 p - a +1 rapier (weapon)
 F - a +3 dagger of chaos
Missiles
 h - 23 poisoned darts (quivered)
Jewellery
 w - a ring of fire
 y - a +6 ring of dexterity (left tentacle)
 z - a ring of fire
Wands
 f - a wand of digging (6)
 g - a wand of iceblast (16)
Scrolls
 b - 3 scrolls of fog
 c - 8 scrolls of magic mapping
 k - 4 scrolls of identify
 l - a scroll of enchant weapon
 m - a scroll of immolation {unknown}
 o - a scroll of teleportation
 q - a scroll of summoning {unknown}
 s - a scroll of torment {unknown}
 t - a scroll of brand weapon {unknown}
 v - 2 scrolls of amnesia {unknown}
 B - 2 scrolls of vulnerability {unknown}
 D - a scroll of enchant armour {unknown}
Potions
 d - 4 potions of curing
 e - 4 potions of haste
 i - 3 potions of flight
 j - 3 potions of brilliance {unknown}
 n - a potion of ambrosia
 r - a potion of experience {unknown}
 u - a potion of invisibility {unknown}
 x - a potion of berserk rage {unknown}
 A - a potion of mutation {unknown}
 C - a potion of lignification {unknown}
 E - a potion of heal wounds


   Skills:
 + Level 5.0 Fighting
 + Level 6.6 Short Blades
 - Level 1.1 Throwing
 - Level 3.1 Dodging
 + Level 13.0 Stealth
 + Level 0.5 Evocations


You had 2 spell levels left.
You knew the following spells:

 Your Spells              Type           Power      Damage    Failure   Level
a - Statue Form           Tmut/Erth      0%         N/A       100%        6

Your spell library contained the following spells:

 Spells                   Type           Power      Damage    Failure   Level
 Dazzling Flash           Conj/Hex       0%         N/A       69%         3
 Volatile Blastmotes      Fire/Tloc      0%         2d10      69%         3
 Iskenderun's Mystic Bla  Conj/Tloc      0%         2d3       97%         4
 Petrify                  Tmut/Erth      0%         N/A       97%         4
 Iron Shot                Conj/Erth      0%         9d1       100%        6
 Starburst                Conj/Fire      0%         6d3       100%        6
 Animate Armour           Summ/Erth      Unusable   N/A       N/A         4

Dungeon Overview and Level Annotations

Branches:
Dungeon (10/15)            Temple (0/1) D:7           Sewer (visited)
   Lair: D:8-11         Orc: D:9-12

Altars:
Cheibriados
Dithmenos
Elyvilon
Fedhas
Gozag
Hepliaklqana
Kikubaaqudgha
Makhleb
Nemelex Xobeh
Okawaru
Qazlal
Sif Muna
Trog
Uskayaw
Vehumet
Wu Jian
Xom
Yredelemnul
Zin
The Shining One

Shops:
D:5 (


Innate Abilities, Weirdness & Mutations

You cannot wear most types of armour.
You are amphibious.
You can wear up to eight rings at the same time.
Your skin changes colour to match your surroundings (Stealth+).
Your rubbery body absorbs attacks. (AC +1, EV +1)
((You are camouflaged when in or above water. (Stealth+)))
You have tentacles for arms and can constrict up to eight enemies at once.


Message History

Your Fighting skill increases to level 5!
Your Stealth skill increases to level 13!
You have reached level 9!
Your experience leads to an increase in your attributes!
Your base attributes are Str 12, Int 12, Dex 15.
Increase (S)trength, (I)ntelligence, or (D)exterity?
You feel agile. x2
E - a potion of heal wounds
Things that are here:
a +3 dagger of chaos; a +0 robe of willpower; the human corpse of Psyche
F - a +3 dagger of chaos You now have 442 gold pieces (gained 17).
B - 2 scrolls labelled QYCKO ZESM (gained 1)
You hear the faint creaking of a distant portcullis.
d - 4 potions of curing (gained 2)
Okay, then.
Okay, then.
There is a stone staircase leading down here.
You open the door.
There is an open door here.
There is an open door here.
There is a stone staircase leading down here.
You climb downwards.
There is a stone staircase leading up here.
Unknown command.
Found 20 gold pieces.
Found a short sword.
A kobold and a centaur warrior come into view.
Found a club.
The centaur warrior shouts!
You hear a shout!
The centaur warrior wields a +0 longbow.
The centaur warrior shoots an arrow.
The arrow barely misses you.
A kobold demonologist comes into view. It is wielding a +0 dagger.
A kobold comes into view. It is wielding a +0 club.
The centaur warrior shoots an arrow.
The arrow hits you!!
The centaur warrior shoots an arrow.
The arrow hits you!!
You hear a shout!
The centaur warrior shoots an arrow.
The arrow closely misses you.
The centaur warrior shoots an arrow.
The arrow hits you!!
You die...

##.........
##..........
##....c......
#........$...
###............
##..............
##...............
#.#..............
###<.@............#
#.#...............#
#.#..............#
##................
##...............
##.#...........
##..........)
..#.......
####.....


You could see a centaur warrior.

Vanquished Creatures
  Psyche (D:9)
  Sigmund (D:3)
  Eustachio (D:6)
  A water moccasin (D:7)
  An ice beast (D:7)
  A black bear (D:6)
  An ogre (D:6)
  3 kobold brigands
  2 bullfrogs
  A scorpion (D:7)
  A wight (D:7)
  2 hounds
  A sleepcap (D:5)
  A gnoll bouda (D:8)
  3 iguanas
  5 gnolls
  8 adders
  2 river rats (Sewer)
  A shadow imp (D:5)
  A white imp (D:6)
  An ufetubus (D:5)
  A worm (D:5)
  2 dart slugs (D:1)
  An orc (D:8)
  5 bats
  4 endoplasms
  2 giant cockroaches
  3 goblins
  5 hobgoblins
  9 jackals
  3 quokkas (D:2)
  3 ball pythons
  4 frilled lizards
  12 kobolds
  14 rats
107 creatures vanquished.

Notes
Turn   | Place    | Note
-------+----------+-------------------------------------------
     0 | D:5      | dialectric the Octopode Delver began the quest for the Orb.
     0 | D:5      | Reached XP level 1. HP: 16/16 MP: 1/1
    31 | D:5      | Found Xidolo's Weapon Shoppe.
    35 | D:5      | Reached skill level 7 in Stealth
    35 | D:5      | Reached XP level 2. HP: 21/21 MP: 2/2
   146 | D:6      | Noticed a black bear
   230 | D:5      | Reached XP level 3. HP: 26/26 MP: 3/3
   250 | D:5      | Reached skill level 8 in Stealth
   301 | D:5      | Reached XP level 4. HP: 31/31 MP: 4/4
   449 | D:5      | Found a glowing drain.
   459 | Sewer    | Entered a sewer
   481 | Sewer    | Reached XP level 5. HP: 36/36 MP: 5/5
   538 | Sewer    | Noticed a kobold brigand
   541 | Sewer    | Noticed a kobold brigand
   765 | Sewer    | Killed a kobold brigand
   766 | Sewer    | Reached skill level 9 in Stealth
   908 | Sewer    | Killed a kobold brigand
   909 | Sewer    | Reached XP level 6. HP: 32/43 MP: 6/6
  1002 | Sewer    | Found a glowing silver altar of Zin.
  1579 | D:3      | Noticed Sigmund
  1586 | D:3      | Killed Sigmund
  1587 | D:3      | Reached skill level 1 in Throwing
  1587 | D:3      | Reached XP level 7. HP: 48/48 MP: 7/7
  1690 | D:3      | Found a stormy altar of Qazlal.
  1847 | D:3      | Found a hazy altar of Hepliaklqana.
  1849 | D:3      | Found a bloodstained altar of Trog.
  1851 | D:3      | Found a shimmering altar of Xom.
  1852 | D:3      | Found a basalt altar of Yredelemnul.
  1853 | D:3      | Found an iron altar of Okawaru.
  1853 | D:3      | Found a shadowy altar of Dithmenos.
  1853 | D:3      | Found a hide-covered altar of Uskayaw.
  1853 | D:3      | Found a radiant altar of Vehumet.
  1853 | D:3      | Found an ancient bone altar of Kikubaaqudgha.
  1854 | D:3      | Found a blossoming altar of Fedhas.
  1856 | D:3      | Found a sparkling altar of Nemelex Xobeh.
  1857 | D:3      | Found a burning altar of Makhleb.
  1858 | D:3      | Found a snail-covered altar of Cheibriados.
  1862 | D:3      | Became a worshipper of Dithmenos the Shadowed
  1961 | D:2      | Reached skill level 10 in Stealth
  2443 | D:2      | Reached * piety under Dithmenos
  2480 | D:2      | Got the Exposition on the Xenolith
  3455 | D:4      | Found an ornate altar of the Wu Jian Council.
  3973 | D:6      | Found an opulent altar of Gozag.
  4143 | D:6      | Noticed Eustachio
  4149 | D:6      | Killed Eustachio
  4150 | D:6      | Reached skill level 11 in Stealth
  4150 | D:6      | Reached XP level 8. HP: 54/54 MP: 8/8
  4382 | D:7      | Reached ** piety under Dithmenos
  4383 | D:7      | Reached skill level 5 in Short Blades
  4616 | D:7      | Found a staircase to the Ecumenical Temple.
  4646 | D:7      | Reached skill level 12 in Stealth
  4956 | D:6      | Learned a level 6 spell: Statue Form
  4970 | D:6      | Found a white marble altar of Elyvilon.
  4972 | D:6      | Found a glowing golden altar of the Shining One.
  4976 | D:6      | Found a glowing silver altar of Zin.
  5122 | D:6      | Found a shimmering blue altar of Sif Muna.
  5513 | D:8      | Noticed a yak
  5613 | D:8      | Noticed a yak
  5614 | D:8      | Noticed a yak
  5615 | D:8      | Noticed a yak
  5615 | D:8      | Noticed a yak
  5995 | D:9      | Noticed Psyche
  6002 | D:9      | Killed Psyche
  6003 | D:9      | Reached skill level 5 in Fighting
  6003 | D:9      | Reached skill level 13 in Stealth
  6003 | D:9      | Reached XP level 9. HP: 59/61 MP: 9/9
  6050 | D:10     | Entered Level 10 of the Dungeon
  6061 | D:10     | Noticed a centaur warrior
  6061 | D:10     | Noticed a kobold demonologist
  6067 | D:10     | Shot with an arrow by a centaur warrior

Illustrated notes

Levels and vault maps discovered:
D:1:      dpeg_arrival_ratfight, layout_basic
D:2:      minmay_wonky_spiral, layout_loops_ring
D:3:      layout_basic, lemuel_doored_altar, minitemple, uniq_sigmund
D:4:      layout_rooms, nzn_wu_jian_contemplation, kennysheep_cluttered_room,
          kennysheep_cross_bottleneck, st_stairs_6, small_statue_intersection,
          uniq_pikel
D:5:      layout_basic, portal_sewer_entry_d, serial_shops,
          nicolae_shop_window_shopping, nicolae_figureground_pulse
D:6:      layout_basic, good_gods_temple_1, lemuel_tele_altar,
          lemuel_coloured_pillars_altar, uniq_eustachio
D:7:      layout_basic, minmay_temple_entry_slanted,
          nicolae_concentric_dashed_squares_wild
D:8:      layout_rooms, mainiacjoe_overflow_surrounded_room, uniq_prince_ribbit1
D:9:      layout_basic, enter_bailey_5, uniq_psyche, uniq_erica
D:10:     layout_big_octagon, nicolae_ru_sacrificial_ziggurat,
          david_lair_generic, hangedman_decor_peaks_small,
          grunt_decor_mini_mirrors

Skill      XL: |  1  2  3  4  5  6  7  8 |
---------------+-------------------------+-----
Stealth        | 7 8 9 11 13 | 13.0
Short Blades   | 3 4 6 |  6.6
Fighting       | 4 5 |  5.0
Throwing       | 1 |  1.1
Dodging        | 3 |  3.1
Evocations     | |  0.5

Action                     |  1- 3 |  4- 6 |  7- 9 || total
---------------------------+-------+-------+-------++-------
  Melee: Short sword       |     9 |    45 |    11 ||    65
         Tentacles         |     2 |    13 |    38 ||    53
         Constrict         |       |     9 |    29 ||    38
         Punch             |       |     1 |     3 ||     4
         Rapier            |       |       |   155 ||   155
  Throw: Dart              |       |    10 |    25 ||    35
  Evoke: Wand              |       |     4 |       ||     4
    Use: Scroll            |     1 |     1 |     4 ||     6
         Potion            |       |       |     2 ||     2
   Stab: Sleeping          |     4 |     7 |    27 ||    38
         Distracted        |       |       |     1 ||     1
 Armour: Skin              |     1 |     3 |     6 ||    10
  Dodge: Dodged            |     6 |    20 |   119 ||   145
